 Dungeon Crawl Stone Soup version 0.25-a0-566-g062765be81 (webtiles) character file.

Game seed: 4611736075070097863, levelgen mode: deterministic

216 Flugslaktarn the Chopper (level 5, -3/47 HPs)
             Began as a Minotaur Fighter on Feb 27, 2020.
             Was an Initiate of Makhleb.
             Slain by a gnoll
             ... wielding a +0 halberd
              (12 damage)
             ... on level 4 of the Dungeon.
             The game lasted 00:00:51 (1084 turns).

Flugslaktarn the Chopper (Minotaur Fighter)         Turns: 1084, Time: 00:00:51

Health: -3/47      AC:  7    Str: 22    XL:     5   Next: 61%
Magic:  4/4        EV:  7    Int:  5    God:    Makhleb [......]
Gold:   109        SH:  9    Dex:  9    Spells: 4/4 levels left

rFire    . . .     SeeInvis .   a - +0 war axe
rCold    . . .     Gourm    .   c - +0 kite shield
rNeg     . . .     Faith    .   b - +0 scale mail
rPois    .         Spirit   .   (helmet restricted)
rElec    .         Reflect  .   (no cloak)
rCorr    .         Harm     .   (no gloves)
MR       .....                  (no boots)
Stlth    ..........             (no amulet)
HPRegen  0.15/turn              (no ring)
MPRegen  0.09/turn              (no ring)

@: no status effects
A: retaliatory headbutt, horns 2
a: Renounce Religion


You were on level 4 of the Dungeon.
You worshipped Makhleb.
Makhleb was noncommittal.
You were not hungry.

You visited 1 branch of the dungeon, and saw 4 of its levels.

You collected 109 gold pieces.

Inventory:

Hand Weapons
 a - a +0 war axe (weapon)
Armour
 b - a +0 scale mail (worn)
 c - a +0 kite shield (worn)
Jewellery
 p - an uncursed ring of ice
   (You found it on level 4 of the Dungeon)
Scrolls
 f - 2 scrolls of identify {unknown}
 g - a scroll of remove curse {unknown}
 h - a scroll of noise {unknown}
 i - 2 scrolls of teleportation {unknown}
 j - a scroll of fear {unknown}
 o - a scroll of enchant weapon {unknown}
Potions
 d - a potion of might
 l - a potion of cancellation {unknown}
 m - a potion of heal wounds {unknown}
 n - a potion of flight {unknown}
Comestibles
 e - 2 rations
 k - 3 chunks of flesh


   Skills:
 + Level 4.7 Fighting
 * Level 4.8 Axes
 + Level 4.7 Armour
 + Level 4.6 Shields
 + Level 0.5 Invocations


You had 4 spell levels left.
You didn't know any spells.
Your spell library was empty.

Dungeon Overview and Level Annotations

Branches:
Dungeon (4/15)
 Temple: D:4-7

Altars:
Makhleb


Innate Abilities, Weirdness & Mutations

You reflexively headbutt those who attack you in melee.
You have a pair of horns on your head.


Message History

You are too injured to fight recklessly!
You are too injured to fight recklessly!
You are too injured to fight recklessly!
You are too injured to fight recklessly!
You are too injured to fight recklessly!
You are too injured to fight recklessly!
You are too injured to fight recklessly!
Unknown command.
You hit the gnoll.
The gnoll is lightly wounded.
The gnoll closely misses you. You block the gnoll's attack. x2
The gnoll barely misses you.
You hit the gnoll.
The gnoll is moderately wounded.
You block the gnoll's attack. The gnoll hits you with a +0 flail.
The gnoll hits you from afar with a +0 halberd.
* * * LOW HITPOINT WARNING * * *
The gnoll hits you but does no damage. You block the gnoll's attack.
The gnoll hits you with a +0 halberd!
You die...

#............##.#
#.
#............##.#
#.
#............##.#
#.
#............##.#
#.
#........!...##.#
#.
###............##.#
#.
.......))......##.#
#.
......gg.......##.#
###.
......g@.......##.#
#...
...............##.#
#.##
#..............##.#
#.##
#...#######'#####.#
#.## #.. #.## #.#
#.## #. #..#
#.###.## # ##.##
#.##.... #..#
#.######
#######.###.# #..:


You could see 3 gnolls.

Vanquished Creatures
  A centaur skeleton (D:4)
  2 orc wizards (D:4)
  An iguana (D:4)
  3 adders
  A gnoll (D:4)
  An ooze (D:3)
  2 worms (D:4)
  3 leopard geckos
  11 orcs
  A bat (D:1)
  2 giant cockroaches
  A goblin (D:1)
  5 hobgoblins
  2 jackals (D:1)
  6 kobolds
  A quokka (D:2)
  2 ball pythons (D:2)
  4 frilled lizards
  3 rats
52 creatures vanquished.

Notes
Turn   | Place    | Note
-------+----------+-------------------------------------------
     0 | D:1      | Flugslaktarn the Minotaur Fighter began the quest for the
                  | Orb.
     0 | D:1      | Reached XP level 1. HP: 19/19 MP: 0/0
   176 | D:1      | Reached XP level 2. HP: 27/27 MP: 1/1
   356 | D:3      | Reached XP level 3. HP: 30/33 MP: 2/2
   663 | D:4      | Reached XP level 4. HP: 24/40 MP: 3/3
   920 | D:4      | Found a burning altar of Makhleb.
   926 | D:4      | Reached XP level 5. HP: 47/47 MP: 4/4
   934 | D:4      | Became a worshipper of Makhleb the Destroyer
  1084 | D:4      | Slain by a gnoll

Levels and vault maps discovered:
D:1:      sevenhm_arrival_forest_fort_small_4, layout_rooms
D:2:      layout_loops_ring, uniq_terence
D:3:      layout_loops_ring, uniq_sigmund
D:4:      layout_basic, lemuel_doored_altar, first_ration,
          nemelex_spade_bored_becter

Skill      XL: |  1  2  3  4 |
---------------+-------------+-----
Axes           | 3 4 |  4.8
Fighting       | 4 |  4.7
Armour         | 4 |  4.7
Shields        | 4 |  4.6
Invocations    | |  0.5

Action                   |  1- 3 |  4- 6 || total
-------------------------+-------+-------++-------
Melee: War axe           |    79 |    32 ||   111
       Headbutt          |    12 |     5 ||    17
  Eat: Chunk             |       |     1 ||     1
Armor: Scale mail        |    41 |     8 ||    49
Dodge: Dodged            |    27 |    13 ||    40
Block: Kite shield       |    49 |    22 ||    71

Table legend:
 A = Non-vault XP
 B = Vault XP
 C = Vault XP percentage of total XP
 D = Non-vault monster count
 E = Vault monster count
 F = Vault count percentage of total count
                 A         B        C        D         E       F
            +---------+---------+-------+---------+---------+-------
      Total |     309 |       0 |   0.0 |      52 |       0 |   0.0
            +---------+---------+-------+---------+---------+-------
        D:1 |      19 |       0 |   0.0 |      10 |       0 |   0.0
        D:2 |      10 |       0 |   0.0 |       7 |       0 |   0.0
        D:3 |      51 |       0 |   0.0 |      13 |       0 |   0.0
        D:4 |     229 |       0 |   0.0 |      22 |       0 |   0.0
            +---------+---------+-------+---------+---------+-------
